 Dungeon Crawl Stone Soup version 0.20-a0-1086-g4bd2f5b (webtiles) character file.

2940 Leszczynek the Basher (level 9, 0/56 (57) HPs)
             Began as a Tengu Wanderer on May 1, 2017.
             Was a Believer of Okawaru.
             Slain by a yak (7 damage)
             ... on level 8 of the Dungeon on May 2, 2017.
             The game lasted 00:30:27 (9192 turns).

Leszczynek the Basher (Tengu Wanderer)              Turns: 9192, Time: 00:30:29

HP:   0/56 (57)     AC: 17    Str: 14    XL:     9   Next: 80%
MP:   10/10         EV: 12    Int: 13    God:    Okawaru [**....]
Gold: 48            SH:  5    Dex: 15    Spells: 8/8 levels left

rFire    . . .     SeeInvis .   a - +0 morningstar (protect)
rCold    . . .     Gourm    .   C - +0 buckler (curse)
rNeg     . . .     Faith    .   p - +0 ring mail (curse)
rPois    .         Spirit   .   (helmet restricted)
rElec    .         Reflect  .   q - +1 cloak
rCorr    .         Harm     .   c - +1 pair of gloves
MR       .....                  (boots unavailable)
Stlth    +.........             f - amulet of rage
Regen    0.2/turn               (no ring)
MPRegen  0.2/turn               (no ring)

@: protection aura
A: beak, talons 3, able to fly 1
a: Fly, Heroism, Renounce Religion, Evoke Berserk Rage


You were on level 8 of the Dungeon.
You worshipped Okawaru.
Okawaru was pleased with you.
You were not hungry.

You visited 2 branches of the dungeon, and saw 9 of its levels.
You also visited: Ossuary.

You collected 363 gold pieces.
You spent 315 gold pieces at shops.

Inventory:

Hand Weapons
 a - a +0 morningstar of protection (weapon)
Missiles
 e - a javelin
 m - 4 tomahawks (quivered)
Armour
 c - a +1 pair of gloves (worn)
 p - a cursed +0 ring mail (worn)
 q - a +1 cloak (worn)
 r - a +1 ring mail of positive energy
 C - a cursed +0 buckler (worn)
Jewellery
 f - an amulet of rage (around neck)
 i - an uncursed amulet of magic regeneration {unknown}
Wands
 n - a wand of clouds (1/9)
 B - a wand of paralysis (18/24)
Scrolls
 b - a scroll of teleportation
 l - 2 scrolls of enchant weapon
 y - 2 scrolls of fog
Potions
 g - 2 potions of ambrosia
 j - a potion of flight {unknown}
 s - 3 potions of haste {unknown}
 u - 3 potions of brilliance
 x - 3 potions of curing {unknown}
 z - a potion of agility {unknown}
 A - a potion of might {unknown}
Comestibles
 d - 3 bread rations
 h - 11 fruits
 k - 3 meat rations
 o - 2 chunks of flesh
 w - a royal jelly


   Skills:
 + Level 7.1 Fighting
 - Level 11.0 Maces & Flails
 - Level 4.3 Armour
 - Level 3.2 Dodging
 - Level 1.0 Stealth
 - Level 4.3 Shields


You had 8 spell levels left.
You didn't know any spells.

Dungeon Overview and Level Annotations

Branches:
Dungeon (8/15)             Temple (1/1) D:6
   Lair: D:8-11

Altars:
Kikubaaqudgha
Makhleb
Nemelex Xobeh
Okawaru
Qazlal
Sif Muna
Trog
Vehumet
Xom
Yredelemnul
Zin

Shops:
D:7 ([?

Annotations:
D:4 Sigmund
D:5 Menkaure


Innate Abilities, Weirdness & Mutations

You have a beak for a mouth.
You have claws for feet.
You can fly.


Message History

You hit the yak. Your kick misses the yak. You peck the yak, but do no damage.
The yak is heavily wounded.
The yak gores you!
You are too injured to fight recklessly!
You are too injured to fight recklessly!
You are too injured to fight recklessly!
You fail to use your ability.
The yak closely misses you.
You fail to use your ability.
The yak closely misses you.
You fail to use your ability.
The yak gores you.
You fail to use your ability.
You block the yak's attack.
You hit the yak.
Your weapon exudes an aura of protection.
You claw the yak, but do no damage. You peck the yak, but do no damage.
The yak is heavily wounded.
The yak gores you!
* * * LOW HITPOINT WARNING * * *
You hit the yak. Your kick misses the yak. You peck the yak, but do no damage.
The yak is heavily wounded.
The yak gores you!
You die...

#.##########
#..h.YY..hh# ...
hh#########Y# #.# #@#
#.# #.# #.# #### #†# #.#
#... #.# #.# #.## ###.#
#.# #.# #...# #.###.##
#.### #.<..... ##.##
###.#..#
####...###########.[....


You could see a yak and 2 jackals.

Vanquished Creatures
  Pikel (D:7)
  3 yaks (D:8)
  A wraith (D:7)
  A sky beast (D:7)
  A black bear (D:7)
  3 ogres
  A necrophage (D:5)
  A centaur (D:8)
  3 big kobolds (D:7)
  2 bullfrogs
  A bullfrog zombie (D:8)
  A centaur zombie (D:6)
  2 crimson imps
  A centaur skeleton (D:4)
  5 hounds
  3 orc wizards
  3 orc priests
  An iguana (D:5)
  4 worker ants
  A hound zombie (D:7)
  A mummy (Ossuary)
  4 gnolls
  A howler monkey skeleton (D:5)
  7 adders
  3 shadow imps
  4 oozes
  An adder skeleton (D:4)
  6 worms
  4 dart slugs
  2 leopard geckos
  23 orcs
  3 ball pythons
  13 bats
  7 giant cockroaches
  8 goblins
  7 hobgoblins
  3 quokkas
  4 frilled lizards
  3 gnoll skeletons (Ossuary)
  22 kobolds
  7 kobold skeletons (Ossuary)
  15 orc skeletons (Ossuary)
  A quokka skeleton (D:8)
  A quokka zombie (D:6)
  11 rats
  A rat zombie (D:6)
201 creatures vanquished.

Vanquished Creatures (others)
  2 slaves (D:7)
  An ice beast (D:7)
  A bullfrog (D:7)
  A scorpion (D:7)
  An orc priest (D:7)
  An orc (D:7)
  2 kobolds (D:7)
  6 fungi (D:8)
  6 plants (D:8)
21 creatures vanquished.

Grand Total: 222 creatures vanquished

Notes
Turn   | Place    | Note
-------+----------+-------------------------------------------
     0 | D:1      | Leszczynek the Tengu Wanderer began the quest for the Orb.
     0 | D:1      | Leszczynek set off with: a +2 mace, a scroll of teleportation, a +0 ring mail, a bread ration
     0 | D:1      | Reached XP level 1. HP: 14/14 MP: 2/2
     0 | D:1      | 12/10/15 (4/2/6)
     0 | D:1      | wow, this is a good fighting start
     0 | D:1      | ring mail, +2 mace
    67 | D:1      | Reached skill level 2 in Maces & Flails
    76 | D:1      | Reached XP level 2. HP: 11/19 MP: 3/3
   446 | D:1      | Reached skill level 3 in Maces & Flails
   653 | D:2      | Reached XP level 3. HP: 23/23 MP: 4/4
   888 | D:2      | Reached skill level 4 in Maces & Flails
   888 | D:2      | Reached XP level 4. HP: 19/28 MP: 5/5
  1390 | D:3      | Reached skill level 5 in Maces & Flails
  1433 | D:4      | Gained mutation: You can fly. [Tengu growth]
  1433 | D:4      | Reached XP level 5. HP: 32/32 MP: 6/6
  1568 | D:4      | Found a basalt altar of Yredelemnul.
  1803 | D:3      | Reached skill level 2 in Dodging
  2063 | D:4      | ok, enough
  2210 | D:4      | Reached skill level 3 in Dodging
  2374 | D:4      | Found a deep blue altar of Sif Muna.
  2436 | D:3      | Noticed a moth of wrath
  2439 | D:3      | Found a bloodstained altar of Trog.
  2765 | D:3      | Reached XP level 6. HP: 37/37 MP: 7/7
  3756 | D:2      | Reached skill level 6 in Maces & Flails
  4590 | D:4      | Reached XP level 7. HP: 31/41 MP: 8/8
  4708 | D:4      | Found a sparkling altar of Nemelex Xobeh.
  4926 | D:4      | Reached skill level 7 in Maces & Flails
  5014 | D:4      | Noticed Sigmund
  5460 | D:5      | Entered Level 5 of the Dungeon
  5736 | D:5      | Noticed Menkaure
  6068 | D:6      | Reached skill level 8 in Maces & Flails
  6224 | D:6      | Found a sand-covered staircase.
  6238 | Ossuary  | Entered an ossuary
  6238 | Ossuary  | Noticed a wraith
  6238 | Ossuary  | Noticed a wraith
  6238 | Ossuary  | Noticed a wraith
  6330 | Ossuary  | Reached skill level 2 in Shields
  6405 | Ossuary  | Noticed a wraith
  6537 | D:6      | Found a staircase to the Ecumenical Temple.
  6589 | D:6      | Found a stormy altar of Qazlal.
  6633 | Temple   | Entered the Ecumenical Temple
  6679 | Temple   | Became a worshipper of Warmaster Okawaru
  7119 | D:6      | Reached skill level 3 in Shields
  7119 | D:6      | Reached XP level 8. HP: 45/45 MP: 9/9
  7496 | D:7      | Reached skill level 4 in Shields
  7587 | D:7      | Noticed a wraith
  7857 | D:7      | Noticed Pikel
  7892 | D:7      | Killed Pikel
  7892 | D:7      | Reached * piety under Okawaru
  7892 | D:7      | Reached skill level 10 in Maces & Flails
  8010 | D:7      | Killed a wraith
  8010 | D:7      | Reached XP level 9. HP: 49/49 MP: 10/10
  8135 | D:7      | Found Mutism's Magic Scroll Boutique.
  8139 | D:7      | Found Gimpext's Armour Shoppe.
  8146 | D:7      | Bought a scroll of identify for 28 gold pieces
  8146 | D:7      | Bought a scroll of fog for 28 gold pieces
  8146 | D:7      | Bought a scroll of identify for 28 gold pieces
  8146 | D:7      | Bought a scroll of identify for 28 gold pieces
  8198 | D:7      | Reached skill level 11 in Maces & Flails
  8246 | D:7      | Found Jeodar's Antique Weapon Shop.
  8251 | D:7      | Bought a glowing morningstar for 203 gold pieces
  8303 | D:7      | Reached ** piety under Okawaru
  8488 | D:7      | Reached skill level 4 in Fighting
  8693 | D:8      | Reached skill level 5 in Fighting
  8793 | D:8      | Noticed a two-headed ogre
  9099 | D:8      | Found a burning altar of Makhleb.
  9167 | D:8      | Reached skill level 6 in Fighting
  9182 | D:8      | Reached skill level 7 in Fighting
  9191 | D:8      | HP: 7/56 [yak (8)]
  9192 | D:8      | Slain by a yak

Vault maps used:
D:1:      minmay_arrival_open_corners, st_stairs_3, minivault_24
D:2:      cheibrodos_pilgrimage, first_bread
D:3:      tgw_trog, kennysheep_generic_room_16
D:4:      nemelex_xobeh_ov_fountains_minmay, lemuel_blue_sif_altar,
          yredelemnul_altar_generic, hangedman_decor_peaks_small, uniq_sigmund
D:5:      serial_shops, shop, uniq_menkaure
D:6:      nicolae_overflow_crystal_walls, minmay_temple_entry_poolview,
          enter_ossuary_4, portal_sewer_entry_e
D:7:      serial_shops, nicolae_shop_crystal, shop, shop, uniq_pikel
D:8:      kennysheep_seaside_town, lemuel_round_altar, basic_altar,
          hangedman_little_slice_of_home, feat_on_display
Temple:   minmay_temple_curvy_loop
Ossuary:  ossuary_due_mausoleum

Skill      XL: |  1  2  3  4  5  6  7  8  9 |
---------------+----------------------------+-----
Maces & Flails | 2 3 4 5 6 8 10 11 | 11.0
Dodging        | 3 |  3.2
Shields        | 3 4 |  4.3
Fighting       | 7 |  7.1
Armour         | |  4.3
Stealth        | |  1.0

Action                   |  1- 3 |  4- 6 |  7- 9 || total
-------------------------+-------+-------+-------++-------
Melee: Mace              |    72 |   210 |    54 ||   336
       Kick              |    20 |    50 |   108 ||   178
       Peck              |     7 |    43 |    64 ||   114
       Flail             |       |       |   235 ||   235
       Morningstar       |       |       |   110 ||   110
Throw: Javelin           |     2 |     3 |       ||     5
Invok: Heroism           |       |       |     2 ||     2
 Abil: Fly               |       |     1 |     1 ||     2
       Evoke Berserk Rag |       |       |     5 ||     5
  Use: Scroll            |     2 |     7 |     9 ||    18
       Potion            |       |     1 |       ||     1
 Stab: Sleeping          |     1 |     1 |     1 ||     3
       Distracted        |       |     1 |       ||     1
  Eat: Chunk             |       |    12 |    16 ||    28
       Fruit             |       |       |     2 ||     2
       Royal jelly       |       |       |     1 ||     1
Armor: Ring mail         |    30 |    76 |   132 ||   238
Dodge: Dodged            |    60 |   120 |   209 ||   389
Block: Buckler           |       |    24 |    91 ||   115
